 Dungeon Crawl Stone Soup version 0.27.1-34-g3ba077fa99 (webtiles) character file.

Game seed: 8306419906746227031

88 mcbry74 the Poker (level 4, -1/33 HPs)
             Began as a Merfolk Gladiator on Jan 22, 2022.
             Slain by a hound (3 damage)
             ... on level 4 of the Dungeon.
             The game lasted 00:06:36 (2582 turns).

mcbry74 the Poker (Merfolk Gladiator)               Turns: 2582, Time: 00:06:37

Health: -1/33      AC:  6    Str: 14    XL:     4   Next: 54%
Magic:  4/4        EV: 13    Int:  8    God:
Gold:   99         SH:  0    Dex: 15    Spells: 3/3 levels left

rFire    . . .     SeeInvis .   b - +0 trident (drain)
rCold    . . .     Faith    .   (no shield)
rNeg     . . .     Spirit   .   q - +0 leather armour
rPois    +         Reflect  .   c - +0 helmet
rElec    .         Harm     .   t - +0 cloak
rCorr    .         Rampage  .   (no gloves)
Will     .....                  m - +0 pair of boots
Stlth    +.........             (no amulet)
HPRegen  0.11/turn              n - ring of poison resistance
MPRegen  0.09/turn              (no ring)

@: no status effects
A: (nimble swimmer 2), mertail
a: no special abilities


You were on level 4 of the Dungeon.
You visited 1 branch of the dungeon, and saw 4 of its levels.

You collected 110 gold pieces.
You spent 11 gold pieces at shops.

Inventory:

Hand Weapons
 a - a +0 hunting sling
 b - a +0 trident of draining (weapon)
 s - a +3 quarterstaff of chaos
Missiles
 g - 138 stones (quivered)
 i - 23 sling bullets
Armour
 c - a +0 helmet (worn)
 m - a +0 pair of boots (worn)
 q - a +0 leather armour (worn)
 t - a +0 cloak (worn)
Magical Staves
 w - a staff of air
Jewellery
 n - a ring of poison resistance (left hand)
Wands
 x - a wand of iceblast (6)
Scrolls
 h - a scroll of blinking {unknown}
 j - a scroll of fear {unknown}
 k - 5 scrolls of identify {unknown}
 o - 2 scrolls of amnesia {unknown}
 u - a scroll of noise {unknown}
Potions
 e - 2 potions of attraction {unknown}
 f - 2 potions of magic {unknown}
 l - a potion of curing {unknown}
 p - a potion of might {unknown}
 r - 2 potions of flight {unknown}
 v - a potion of heal wounds {unknown}


   Skills:
 - Level 2.1 Fighting
 + Level 7.5 Polearms
 - Level 2.0 Throwing
 - Level 4.0 Dodging


You had 3 spell levels left.
You didn't know any spells.
Your spell library contained the following spells:

 Spells                   Type           Power      Damage    Failure   Level
 Beastly Appendage        Tmut           0%         N/A       50%         1
 Wereblood                Tmut           0%         N/A       63%         2
 Ignite Poison            Fire/Tmut/Pois 0%         N/A       86%         3
 Mephitic Cloud           Conj/Pois/Air  0%         N/A       86%         3
 Spider Form              Tmut/Pois      0%         N/A       86%         3
 Bolt of Magma            Conj/Fire/Erth 0%         4d4       100%        5


Dungeon Overview and Level Annotations

Branches:
Dungeon (4/15)
 Temple: D:4-7

Altars:
Uskayaw

Shops:
D:2 !


Innate Abilities, Weirdness & Mutations

((You are quick and stealthy near water. (Stealth+, EV+, Speed+++)))
Your lower body shifts to a powerful aquatic tail in water.


Message History

The throwing net barely misses the ogre.
The throwing net hits the endoplasm.
The endoplasm is caught in the net!
The endoplasm struggles against the net.
Throw: throwing net
Press: ? - help, Q - select action, (/) - cycle Shift-Dir - straight line, f/p - ogre
Aim: an ogre, wielding a +0 giant club (75% to hit)
You throw a throwing net.
The throwing net barely misses the ogre.
The throwing net completely misses the endoplasm.
The ogre barely misses you.
The endoplasm struggles against the net.
You completely miss the ogre. The ogre hits you with a +0 giant club!
The endoplasm struggles against the net.
You puncture the ogre! You drain the ogre.
The ogre is moderately wounded.
The ogre hits you with a +0 giant club!
* * * LOW HITPOINT WARNING * * *
The endoplasm struggles against the net.
You barely miss the ogre.
The ogre is moderately wounded.
The endoplasm struggles against the net.
The endoplasm struggles against the net.
The net rips apart, and the endoplasm comes free!
Found an escape hatch in the floor.
Found a plate armour.
Found a stone staircase leading up.
A hound comes into view.
Found 18 gold pieces.
The hound barks!
A ball python comes into view.
The hound misses you. The hound closely misses you.
The endoplasm hits you but does no damage.
You see here a +0 spear.
The hound bites you.
* * * LOW HITPOINT WARNING * * *
The hound bites you.
* * * LOW HITPOINT WARNING * * *
There is a stone staircase leading up here.
The hound bites you.
You die...

..........#
#..........#
#^....(...# #
#.....#..##.#
#.........
#####.#.#..####
...$..........##### #
#J##.@......#.#
#.###h#$##....# #.#
#O#.##...#
##.###J#......#. #
##...............
#.#.....#.#......#
#.................#
###...<.#..........
#.........##..[!.....S


You could see an ogre (drained), a hound and an endoplasm.

Vanquished Creatures
  Crazy Yiuf (D:2)
  2 adders (D:2)
  4 endoplasms
  A giant cockroach (D:1)
  A goblin (D:3)
  5 hobgoblins
  7 jackals
  7 kobolds
  5 ball pythons
  4 bats
  3 frilled lizards
40 creatures vanquished.

Vanquished Creatures (others)
  3 plants (D:3)
3 creatures vanquished.

Grand Total: 43 creatures vanquished

Notes
Turn   | Place    | Note
-------+----------+-------------------------------------------
     0 | D:1      | mcbry74 the Merfolk Gladiator began the quest for the Orb.
     0 | D:1      | Reached XP level 1. HP: 16/16 MP: 1/1
   261 | D:1      | Reached skill level 5 in Polearms
   311 | D:1      | Reached XP level 2. HP: 22/22 MP: 2/2
   365 | D:1      | Found a faded altar of an unknown god.
   928 | D:2      | Reached skill level 6 in Polearms
   928 | D:2      | Reached XP level 3. HP: 27/27 MP: 3/3
   978 | D:2      | Found a runed translucent door.
   979 | D:2      | Noticed Crazy Yiuf
  1198 | D:2      | Found Kurhut's Distillery.
  1204 | D:2      | Bought a potion of degeneration for 11 gold pieces
  1539 | D:2      | Killed Crazy Yiuf
  1540 | D:2      | Reached skill level 7 in Polearms
  1540 | D:2      | Reached XP level 4. HP: 33/33 MP: 4/4
  1918 | D:3      | Found a hide-covered altar of Uskayaw.
  2561 | D:4      | Noticed an ogre
  2582 | D:4      | Slain by a hound

Illustrated notes

Levels and vault maps discovered:
D:1:      sevenhm_arrival_forest_fort_large_2, layout_basic,
          shapermc_ecumenical_altar_notcrosses, grunt_decor_one_mirror,
          serial_bayou_lagoon_a, chequers_serial_rivers_room_b,
          minmay_heptomino_o4
D:2:      layout_basic, serial_curves, eino_curves_02, eino_curves_01,
          eino_curves_01, eino_curves_01, serial_shops, shop_fountains,
          uniq_crazy_yiuf_cottage
D:3:      cheibrodos_old_hovel, layout_basic, general_overflow_altar,
          kennysheep_path_1, minmay_misc_feat_secret_circle, minivault_25,
          roderic_roman_lattice
D:4:      layout_loops_ring, worldfamousw_hep_ancestral_shrine

Skill      XL: |  1  2  3 |
---------------+----------+-----
Polearms       | 5 6 7 |  7.5
Fighting       | |  2.1
Throwing       | |  2.0
Dodging        | |  4.0

Action                   |  1- 3 |  4- 6 || total
-------------------------+-------+-------++-------
Melee: Trident           |    60 |    26 ||    86
Throw: Throwing net      |     1 |     4 ||     5
  Use: Scroll            |     1 |       ||     1
 Stab: Sleeping          |     1 |     1 ||     2
Armor: Leather armour    |    13 |     2 ||    15
Dodge: Dodged            |    26 |    11 ||    37
